 Dungeon Crawl Stone Soup version 0.27.1-4-g1640c2035a (webtiles) character file.

Game seed: 3085690690642530239

75 Destapler the Skirmisher (level 4, 38/38 HPs)
             Began as a Palentonga Fighter on Nov 8, 2021.
             Was a Follower of Trog.
             Got out of the dungeon alive.
             The game lasted 00:04:19 (1941 turns).

Destapler the Skirmisher (Palentonga Fighter)       Turns: 1941, Time: 00:04:20

Health: 38/38      AC:  6    Str: 20    XL:     4   Next: 11%
Magic:  4/4        EV:  5    Int:  8    God:    Trog [*.....]
Gold:   25         SH:  9    Dex: 10    Spells: 3/3 levels left

rFire    . . .     SeeInvis +   a - +0 flail
rCold    . . .     Faith    .   c - +0 kite shield
rNeg     . . .     Spirit   .   b - +0 scale mail
rPois    .         Reflect  .   (no helmet)
rElec    .         Harm     .   (no cloak)
rCorr    .         Rampage  .   (no gloves)
Will     .....                  (no barding)
Stlth    ..........             (no amulet)
HPRegen  0.12/turn              (no ring)
MPRegen  0.09/turn              (no ring)

@: no status effects
A: large, rugged brown scales 3, see invisible, deformed body, roll 1, armoured
tail
a: Rolling Charge, Renounce Religion, Berserk


You escaped.
You worshipped Trog.
Trog was aware of your devotion.
You visited 1 branch of the dungeon, and saw 3 of its levels.

You collected 25 gold pieces.

Inventory:

Hand Weapons
 a - a +0 flail (weapon)
Missiles
 g - 7 silver boomerangs
Armour
 b - a +0 scale mail (worn)
 c - a +0 kite shield (worn)
Scrolls
 d - a scroll of enchant weapon {unknown}
 f - 4 scrolls of teleportation {unknown}
 h - 2 scrolls of identify {unknown}
Potions
 e - 2 potions of lignification {unknown}
 i - a potion of attraction {unknown}


   Skills:
 + Level 3.6 Fighting
 + Level 2.7 Maces & Flails
 + Level 2.9 Armour
 + Level 2.9 Shields


You had 3 spell levels left.
You didn't know any spells.
Your spell library was empty.

Dungeon Overview and Level Annotations

Branches:
Dungeon (3/15)

Altars:
Trog


Innate Abilities, Weirdness & Mutations

You are completely covered in rugged brown scales. (AC +3, +7% HP)
You have supernaturally acute eyesight. (SInv)
Armour fits poorly on your strangely shaped body.
You can roll at nearby foes to attack.
You have a long armoured tail.


Message History

You block the kobold's attack.
You hit the kobold.
You kill the kobold!
No target in view!
d - a scroll labelled ALOMMA DEGESUP
Found 18 stones.
A bat comes into view.
A bat is nearby!
The bat hits you but does no damage.
You closely miss the bat.
Your tail-slap misses the bat.
The bat hits you but does no damage. x2
You miss the bat. You tail-slap the bat.
The bat is severely wounded.
The bat hits you but does no damage. You block the bat's attack.
You closely miss the bat. You tail-slap the bat.
You kill the bat!
No target in view!
No target in view!
There is a stone staircase leading down here.
You see here a +0 ring mail.
There is an escape hatch in the floor here.
You see here a +0 robe.
Done exploring.
There is a faded altar of an unknown god here.
You cannot tell which god this altar belongs to.
Convert to them anyway? [Y]es or [N]o only, please.
You cannot tell which god this altar belongs to.
Convert to them anyway?
Trog accepts your prayer! Trog welcomes you!
You can now go berserk at will.
Unknown command.
Press < or > to pray at altars.
Unknown command.
Press < or > to pray at altars.
(D) Dungeon
Where to? (Enter - D:1 @ (x,y), ? - help)
Okay, then.
There is a staircase leading out of the dungeon here.
Are you sure you want to leave the Dungeon?
This will make you lose the game!
You have escaped!

# #.....# ##....§..§.....# #
####..# ##....§§.§.§§.... # ##.#
#......§.####.... #
#.###......### ###.. #
#.##......## ##. # #.##.....## ##
### #.##.....# # ..# #.##....## #
..# #.#8@...# ..# #.##....# ..#
#.##....## # ..# #######.##...§.#
# ### #.......##....§## ##
#######........##..§§§## ##.
......#......#.##....§.### ###..
......#......#..##....§§.####....
......#......##..##.§..§§.......#


There were no monsters in sight!

Vanquished Creatures
  A gnoll (D:1)
  2 adders
  A dart slug (D:1)
  3 ball pythons
  3 endoplasms
  A giant cockroach (D:3)
  5 goblins
  5 hobgoblins
  2 jackals (D:1)
  3 quokkas (D:1)
  7 bats
  3 frilled lizards
  3 kobolds
  4 rats
43 creatures vanquished.

Notes
Turn   | Place    | Note
-------+----------+-------------------------------------------
     0 | D:1      | Destapler the Palentonga Fighter began the quest for the
                  | Orb.
     0 | D:1      | Reached XP level 1. HP: 19/19 MP: 1/1
   299 | D:1      | Reached XP level 2. HP: 23/25 MP: 2/2
   433 | D:1      | Reached XP level 3. HP: 26/31 MP: 3/3
   838 | D:1      | You fall into a shaft and drop 1 floor!
   892 | D:2      | You fall into a shaft and drop 1 floor!
   924 | D:3      | HP: 1/31 [frilled lizard (2)]
  1287 | D:2      | Reached XP level 4. HP: 37/38 MP: 4/4
  1431 | D:1      | Found a faded altar of an unknown god.
  1813 | D:1      | Became a worshipper of Trog the Wrathful
  1813 | D:1      | Reached * piety under Trog
  1941 | D:$      | Got out of the dungeon alive.

Illustrated notes

Levels and vault maps discovered:
D:1:      heliophobic_arrival_dark_side_of_the_moon, layout_basic,
          hellmonk_ecumenical_altar_zigzags
D:2:      layout_loops_cross, basic_altar, uniq_robin
D:3:      layout_rooms

Action                   |  1- 3 |  4- 6 || total
-------------------------+-------+-------++-------
Melee: Flail             |   117 |    11 ||   128
       Tailslap          |     9 |     3 ||    12
 Abil: Rolling Charge    |    24 |     1 ||    25
  Use: Potion            |     1 |       ||     1
Armor: Scale mail        |    91 |     8 ||    99
Dodge: Dodged            |    36 |       ||    36
Block: Kite shield       |    76 |     4 ||    80
